Map: Lightshade LE

Players

llllllllllll (Oliveira)

  • Race: Terran Terran
  • Spawn Location: 11:00

Serral - Winner!

  • Race: Zerg Zerg
  • Spawn Location: 5:00

Event: DreamHack SC2 Masters 2020 Winter

VOD

Have the link to the VOD?

Description

Time

  • Played on: Nov. 14, 2020, 9:22 a.m.
  • Length: 13:34

All games in this series

Show
View Real Time Build Order
Export as new Build Order

llllllllllll Terran 

Build Orders: Reaper Expand 

Get SALT Encoding   

  12  0:00  SCV  
  13  0:12  SCV  
  14  0:17  Supply Depot  
  14  0:25  SCV  
  15  0:39  SCV  
  15  0:40  Barracks  
  16  0:43  Refinery  
  16  0:51  SCV  
  17  1:03  SCV  
  18  1:15  SCV  
  19  1:28  Reaper  
  19  1:29  Orbital Command  
  20  1:39  Command Center  
  20  1:49  Supply Depot  
  20  1:54  SCV  
  20  2:00  Marine  
  22  2:06  SCV  
  23  2:09  Factory  
  23  2:11  Refinery  
  23  2:18  SCV  
  24  2:23  Barracks Reactor  
  24  2:30  SCV  
  25  2:43  SCV  
  25  2:52  Orbital Command  
  25  2:54  Starport  
  25  2:55  SCV  
  26  3:03  Hellion  
  26  3:04  Hellion  
  30  3:07  SCV, Barracks Tech Lab  
  31  3:18  SCV  
  31  3:19  SCV  
  33  3:22  Supply Depot  
  33  3:25  Widow Mine x2  
  37  3:30  SCV  
  37  3:31  SCV  
  39  3:36  Marine  
  39  3:37  Medivac  
  42  3:42  SCV  
  42  3:46  Widow Mine x2  
  42  3:47  Supply Depot  
  47  3:49  SCV  
  47  3:54  SCV  
  49  4:01  Armory  
  49  4:06  SCV  
  49  4:08  Hellion  
  52  4:10  SCV, Supply Depot, Hellion  
  55  4:17  Liberator  
  55  4:18  SCV  
  55  4:20  Barracks Tech Lab  
  55  4:22  SCV  
  60  4:29  Supply Depot  
  60  4:30  SCV  
  61  4:34  SCV  
  61  4:35  Command Center  
  62  4:42  SCV  
  63  4:47  SCV  
  63  4:50  Hellion x3  
  60  4:57  Refinery, Factory  
  60  4:58  Refinery, Infernal Pre-Igniter  
  60  4:59  Hellion  
  60  5:00  SCV  
  60  5:03  SCV  
  58  5:10  Barracks Tech Lab  
  58  5:12  SCV, Barracks  
  58  5:13  Barracks  
  59  5:17  SCV  
  60  5:22  Hellion  
  60  5:24  Medivac  
  60  5:26  SCV  
  65  5:31  Stimpack, Marine  
  65  5:33  Engineering Bay  
  65  5:34  SCV, Engineering Bay  
  67  5:38  SCV  
  68  5:43  Hellion  
  68  5:48  Orbital Command  
  68  5:49  SCV  
  71  5:55  Hellion x2  
  75  6:03  Terran Infantry Weapons Level 1, Terran Infantry Armor Level 1  
  75  6:04  Barracks Reactor  
  75  6:05  Hellion  
  75  6:06  Barracks Reactor  
  77  6:17  Hellion x2  
  81  6:26  Hellion  
  81  6:27  Orbital Command  
  81  6:28  SCV  
  81  6:31  SCV, Marine  
  83  6:38  Hellion  
  83  6:40  Drilling Claws  
  83  6:41  Widow Mine  
  83  6:42  Medivac  
  83  6:44  SCV  
  88  6:48  SCV, Hellion  
  87  6:58  SCV x2  
  83  7:02  Marine x4  
  83  7:03  Barracks  
  83  7:05  Barracks  
  85  7:10  Marine  
  85  7:13  Widow Mine x2  
  85  7:14  Widow Mine  
  84  7:17  Combat Shield  
  84  7:19  SCV  
  84  7:20  SCV x2, Marine x4  
  91  7:24  Supply Depot, Command Center  
  91  7:25  Supply Depot  
  91  7:26  Supply Depot  
  91  7:28  Starport Reactor  
  91  7:32  SCV x2  
  93  7:44  Refinery  
  93  7:45  Marine  
  93  7:46  SCV, Widow Mine x3  
  93  7:47  SCV  
  93  7:48  Marine x4  
  106  7:53  Barracks Reactor x2  
  106  7:54  SCV, Supply Depot  
  106  7:55  Supply Depot  
  106  7:57  Sensor Tower  
  107  8:01  SCV  
  107  8:02  Terran Infantry Armor Level 2, Terran Infantry Weapons Level 2  
  107  8:03  Marine  
  109  8:05  Marine  
  109  8:06  Marine  
  109  8:07  Widow Mine  
  109  8:08  Medivac x2  
  109  8:10  Refinery  
  109  8:12  Terran Vehicle And Ship Armor Level 1  
  117  8:15  SCV x2, Marine x2  
  121  8:21  Marine  
  121  8:23  Marine  
  121  8:24  Marine  
  121  8:26  Widow Mine x2  
  124  8:27  SCV x2  
  124  8:31  Marine  
  124  8:32  Missile Turret x2, Marine  
  124  8:33  Marine x2  
  124  8:34  Widow Mine  
  130  8:35  Marine x2  
  130  8:36  Supply Depot  
  130  8:37  Supply Depot  
  130  8:39  SCV x2, Marine  
  135  8:42  Marine x2  
  135  8:45  Supply Depot  
  137  8:50  Marine x2  
  137  8:51  Missile Turret, Widow Mine  
  137  8:52  Widow Mine  
  137  8:55  Supply Depot  
  143  8:56  SCV  
  143  8:57  SCV x2  
  143  8:58  Medivac  
  143  9:00  Widow Mine, Sensor Tower  
  143  9:01  Marine  
  151  9:06  Marine x2  
  151  9:07  Marine  
  151  9:09  Planetary Fortress  
  154  9:12  SCV x2  
  154  9:16  Marine  
  154  9:17  Marine  
  153  9:18  Medivac, Widow Mine  
  153  9:19  Marine x2  
  156  9:25  SCV x3  
  156  9:27  Marine x2  
  156  9:28  Supply Depot, Marine x2  
  156  9:29  Supply Depot, Widow Mine  
  156  9:30  Marine  
  166  9:35  Medivac  
  166  9:40  Marine  
  166  9:41  Thor  
  172  9:48  Marine, Sensor Tower  
  172  9:49  Marine x3  
  172  9:52  Marine  
  177  9:53  Medivac, Widow Mine x2  
  177  9:56  Marine  
  184  10:00  Marine x2  
  183  10:07  Barracks  
  183  10:08  Barracks x2  
  183  10:11  Marine  
  183  10:13  Marine  
  184  10:15  Widow Mine  
  184  10:20  Marine x3  
  178  10:23  Widow Mine  
  178  10:24  Marine  
  178  10:26  SCV, Marine  
  167  10:31  Missile Turret  
  167  10:32  Marine x2  
  167  10:34  Marine  
  164  10:36  Thor  
  164  10:37  Medivac  
  164  10:40  Marine  
  164  10:41  Marine x2  
  164  10:42  Missile Turret, Marine  
  179  10:43  Widow Mine  
  179  10:45  Marine  
  179  10:48  Widow Mine  
  182  10:50  Marine x2  
  182  10:51  Medivac  
  182  10:52  Marine  
  182  10:54  SCV  
  182  10:55  SCV  
  182  10:56  SCV x2  
  190  10:57  Barracks Tech Lab  
  190  10:58  Barracks Tech Lab  
  190  11:06  SCV  
  177  11:16  Marine x2  
  156  11:18  Marine x2  
  156  11:19  Marine x2  
  156  11:22  Marine  
  156  11:23  Marine x3  
  156  11:25  Thor  
  134  11:28  Medivac x2  
  134  11:29  SCV x2, Marine x2  
  128  11:34  Marine x2  
Show
View Real Time Build Order
Export as new Build Order

Serral Zerg - Winner!

Build Orders: Hatch First, Muta Ling Bane 

Get SALT Encoding   

  12  0:00  Drone  
  13  0:12  Overlord  
  13  0:16  Drone  
  14  0:30  Drone x2  
  16  0:47  Hatchery  
  15  0:50  Drone  
  15  0:54  Drone  
  17  0:58  Drone  
  18  1:08  Extractor  
  17  1:13  Spawning Pool  
  17  1:16  Drone  
  17  1:19  Drone  
  18  1:27  Drone  
  19  1:38  Drone  
  20  1:49  Drone  
  21  1:59  Queen  
  21  2:00  Zergling x2, Queen  
  21  2:01  Zergling x2  
  27  2:10  Overlord, Drone  
  27  2:13  Metabolic Boost  
  28  2:29  Hatchery  
  27  2:31  Drone  
  27  2:33  Drone  
  27  2:35  Drone  
  30  2:45  Queen  
  30  2:49  Overlord  
  32  2:51  Drone  
  32  2:54  Drone  
  32  2:58  Drone  
  35  2:59  Drone  
  35  3:05  Pneumatized Carapace  
  36  3:10  Drone x3  
  39  3:13  Drone  
  39  3:17  Overlord  
  40  3:20  Drone  
  40  3:21  Drone  
  42  3:27  Queen  
  44  3:36  Drone x3  
  44  3:41  Queen, Drone  
  48  3:45  Overlord  
  48  3:47  Drone x2  
  52  3:53  Overlord  
  52  3:54  Drone  
  53  3:57  Spore Crawler, Drone  
  53  3:58  Drone  
  53  4:02  Zergling x4  
  56  4:06  Queen  
  56  4:09  Zergling x2  
  59  4:12  Drone  
  59  4:13  Drone  
  59  4:14  Baneling Nest  
  60  4:18  Queen  
  60  4:23  Zergling x4  
  64  4:25  Drone x2  
  64  4:26  Spore Crawler  
  64  4:27  Drone  
  64  4:28  Drone  
  64  4:30  Drone  
  68  4:34  Drone x2  
  68  4:36  Spore Crawler  
  69  4:38  Zergling x2  
  69  4:39  Overlord  
  69  4:41  Overlord  
  70  4:52  Drone x4  
  71  4:55  Drone  
  71  4:58  Drone x2  
  73  5:00  Drone x2  
  73  5:06  Lair  
  72  5:08  Zergling x2, Drone, Extractor  
  72  5:12  Drone x2  
  72  5:13  Drone  
  76  5:14  Drone  
  76  5:16  Drone  
  78  5:21  Drone  
  78  5:23  Drone x3  
  82  5:30  Extractor  
  82  5:31  Extractor  
  82  5:32  Drone x3, Extractor x2  
  81  5:35  Drone  
  81  5:36  Drone  
  81  5:39  Zergling x2, Hatchery  
  81  5:40  Drone x4  
  87  5:44  Overlord  
  87  5:45  Drone  
  87  5:46  Drone  
  88  5:50  Drone  
  88  5:53  Drone  
  89  6:00  Overlord  
  89  6:02  Overlord  
  89  6:05  Centrifical Hooks  
  89  6:07  Overlord, Spire  
  88  6:11  Drone x3  
  88  6:12  Drone  
  88  6:15  Overlord  
  88  6:16  Evolution Chamber  
  88  6:17  Evolution Chamber, Drone x2  
  92  6:19  Zergling x2  
  92  6:20  Zergling x4  
  92  6:25  Zergling x2  
  96  6:29  Zergling x2  
  95  6:36  Zergling x6, Baneling  
  95  6:37  Zergling x2  
  98  6:47  Zergling x16  
  106  6:56  Zergling x6  
  101  7:13  Zerg Ground Armor Level 1  
  95  7:21  Drone  
  95  7:22  Mutalisk x9  
  96  7:29  Zerg Flyer Weapons Level 1  
  115  7:30  Zergling x10  
  115  7:33  Baneling x3  
  119  7:43  Zerg Melee Weapons Level 1  
  119  7:47  Queen  
  119  7:48  Drone x8  
  119  7:51  Drone  
  130  7:52  Overlord  
  130  7:54  Baneling x3  
  130  7:55  Baneling x3  
  130  7:58  Overseer  
  129  7:59  Drone x5  
  129  8:03  Spore Crawler  
  129  8:04  Overlord  
  133  8:10  Extractor, Baneling  
  133  8:11  Overseer  
  132  8:14  Mutalisk x3  
  138  8:22  Mutalisk  
  138  8:26  Overlord  
  139  8:31  Mutalisk  
  139  8:33  Queen  
  143  8:35  Drone x5  
  143  8:38  Overlord x3  
  148  8:43  Overlord, Corruptor  
  148  8:44  Overlord  
  150  8:53  Mutalisk x3  
  150  8:54  Mutalisk  
  158  8:58  Hatchery  
  158  9:00  Drone  
  158  9:02  Spine Crawler  
  157  9:05  Zergling x16, Infestation Pit  
  157  9:07  Mutalisk  
  166  9:18  Mutalisk x2  
  166  9:22  Zergling x28  
  184  9:25  Zerg Flyer Weapons Level 2  
  184  9:28  Baneling  
  184  9:29  Baneling x2  
  183  9:31  Baneling x2  
  179  9:46  Zergling x2  
  179  9:47  Zergling x22  
  179  9:48  Burrow, Zerg Melee Weapons Level 2  
  183  9:55  Overlord x2  
  183  9:59  Zerg Ground Armor Level 2  
  183  10:00  Overlord  
  183  10:01  Zergling x14  
  183  10:02  Zergling x2  
  190  10:11  Baneling x11  
  190  10:17  Zergling x18  
  190  10:18  Zergling x2  
  200  10:27  Zergling x20  
  198  10:29  Hive  
  198  10:35  Spine Crawler  
  197  10:36  Spore Crawler  
  197  10:37  Queen  
  197  10:38  Baneling x8  
  197  10:41  Drone  
  197  10:42  Overseer  
  199  10:46  Baneling x7  
  199  10:56  Overseer, Baneling x4  
  199  11:05  Baneling x12  
  199  11:09  Hatchery  
  190  11:11  Zergling x22  
  190  11:14  Baneling x4  
  190  11:16  Zergling x16  
  192  11:25  Zergling x22  
  179  11:29  Zergling x6  
  175  11:34  Zergling x10  
Tags
 
Add a new tag
Caveats
  • Supply blocks, unpowered buildings, or Contaminate may cause inaccurate times.
  • Supply counts are checked every 10 seconds.